 Dungeon Sprint DCSS version 0.31-a0-435-g2c6fae2916 (webtiles) character file.

Game seed: 11293463219296397585

13099 rocky1 the Wrestler (level 11, -14/95 HPs)
             Began as a Red Draconian Shapeshifter on Aug 2, 2023.
             Was an Initiate of Gozag.
             Demolished by a nagaraja
             ... wielding a +0 club
              (15 damage)
             ... in the Dungeon (Sprint VII: "The Pits").
             The game lasted 00:11:24 (3783 turns).

rocky1 the Wrestler (Red Draconian Shapeshifter)    Turns: 3783, Time: 00:11:24

Health: -14/95     AC: 10    Str: 17    XL:     11   Next: 71%
Magic:  11/11      EV: 17    Int: 12    God:    Gozag
Gold:   903        SH:  0    Dex: 13    Spells: 10/10 levels left

rFire   + .          .
                       - Unarmed
rCold   . . .        (no shield)
rNeg    . . .        (body armour unavailable)
rPois   .            (helmet currently unavailable)
rElec   +            (cloak currently unavailable)
rCorr   .            (gloves currently unavailable)
SInv    .            (boots currently unavailable)
Will    .....        c - amulet of the Country {Acrobat rElec}
Stlth   ++++         l - +3 ring of protection
HPRegen 0.35/turn    m - +3 ring of evasion
MPRegen 0.12/turn

%: no teleportation, acrobat
@: lethally poisoned (-14 -> -27), beast-form, spiked, constricted
A: beast (slay +7), breathe fire, AC +7, unfitting armour, fire resistance 1,
cold-blooded
a: Breathe Fire, Begin Untransformation, Renounce Religion, Potion Petition,
Call Merchant, Bribe Branch


You were in the Dungeon.
You worshipped Gozag.
Gozag was pleased with you.
You were a hulking beast.
You visited 1 branch You collected 6063 gold pieces.
You spent 1171 gold pieces at shops.
You paid 3989 gold pieces to Gozag.

Inventory:

Missiles
 h - 5 javelins
 i - 3 poisoned darts (quivered)
Armour
 o - a +0 cloak
Jewellery
 c - the amulet of the Country (around neck) {Acrobat rElec}
   (You bought it in a shop in the Dungeon)

   [amulet of the acrobat]

   It increases your evasion while moving and waiting.
   rElec:     It insulates you from electricity.
 l - a +3 ring of protection (left hand)
 m - a +3 ring of evasion (right hand)
 t - a ring of protection from fire
 x - a ring of magical power
Talismans
 b - a beast talisman (active)
Wands
 p - a wand of iceblast (5)
 q - a wand of charming (2)
 s - a wand of light (14)
Scrolls
 g - 5 scrolls of amnesia
 w - a scroll of fog
 z - a scroll of blinking
 A - 4 scrolls of enchant weapon
 B - 4 scrolls of enchant armour
 C - 2 scrolls of identify
 D - a scroll of fear
Potions
 a - a potion of lignification
 d - 2 potions of invisibility
 e - 4 potions of haste
 f - 4 potions of magic
 j - 4 potions of curing
 k - 13 potions of heal wounds
 n - 5 potions of brilliance
 r - a potion of cancellation
 u - a potion of berserk rage
 v - 2 potions of mutation
 E - a potion of might
Miscellaneous
 y - a phial of floods


   Skills:
 + Level 8.7 Fighting
 + Level 10.8 Dodging
 + Level 8.1 Stealth
 + Level 22.2 Unarmed Combat
 + Level 1.5 Evocations
 - Level 10.0 Shapeshifting


You had 10 spell levels left.
You didn't know any spells.
Your spell library was empty.

Dungeon Overview and Level Annotations

Branches:
Dungeon (1/1)

Altars:
Ashenzari
Cheibriados
Dithmenos
Elyvilon
Fedhas
Gozag
Hepliaklqana
Kikubaaqudgha
Makhleb
Nemelex Xobeh
Okawaru
Qazlal
Ru
Sif Muna
Trog
Uskayaw
Vehumet
Wu Jian
Xom
Yredelemnul
Zin
The Shining One
Jiyva
Lugonu

Shops:
D =*==


Innate Abilities, Weirdness & Mutations

You are a hulking beast.
Your limbs bulge with bestial killing power. (Slay +7)
You can breathe blasts of fire.
Your fiery red scales are hard. (AC +7)
You cannot fit into any form of body armour.
Your flesh is heat resistant. (rF+)
You are cold-blooded and may be slowed by cold attacks.


Message History

The barbed spikes become lodged in your body.
The nagaraja mumbles some strange words.
The nagaraja seems to speed up.
The barbs in your skin will harm you if you move.
Continue?
Okay, then.
The manticore flicks its tail.
The volley of spikes hits you!
The barbed spikes become lodged in your body.
The nagaraja spits poison at you.
The splash of poison hits you but does no damage.
You are poisoned.
You feel sick.
You hit the nagaraja.
You tail-slap the nagaraja, but do no damage.
The nagaraja is lightly wounded.
You feel sick.
The nagaraja points at you and mumbles some strange words.
The poison arrow hits you!!
You are more poisoned.
The manticore completely misses you.
The manticore claws you but does no damage.
The manticore completely misses you.
You pummel the nagaraja!!
The nagaraja is heavily wounded.
You feel sick. The nagaraja hits you with a +0 club!
* * * LOW HITPOINT WARNING * * *
The nagaraja grabs you. The nagaraja constricts you.
* * * LOW HITPOINT WARNING * * *
You hit the nagaraja. You punch the nagaraja!!
The nagaraja is severely wounded.
You feel very sick. The manticore bites you.
* * * LOW HITPOINT WARNING * * *
The manticore claws you!
* * * LOW HITPOINT WARNING * * *
The manticore claws you.
* * * LOW HITPOINT WARNING * * *
The nagaraja hits you with a +0 club!
You die...
Your body crumbles into a pile of gold.

###++########## ..........##..#
#..#......##..# ..........''..#
[.........''..##########
#..#......##....hN......
..∩...∩...##.....H......
###''###################
.##''##### #####################
.##..)...# #.........##)?.|('...
.##......# ##.......###....(##.#
.###....## ####)..###########...
.# ##')## ###.)))..'..##..##.....
.###)...###...[##'##.....##.[....


You could see a nagaraja (fast, catching breath) and a manticore.

Vanquished Creatures
  A nagaraja (D)
  Josephine (D)
  Erolcha (D)
  An orc high priest (D)
  Pikel (D)
  A phantasmal warrior (D)
  2 orc knights (D)
  2 deep elf pyromancers (D)
  A wolf spider (D)
  An orc sorcerer (D)
  A merfolk siren (D)
  An orange demon (D)
  A komodo dragon (D)
  A guardian mummy (D)
  A merfolk (D)
  A red devil (D)
  A wandering mushroom (D)
  A hellwing (D)
  A hornet (D)
  A snapping turtle (D)
  An air elemental (D)
  6 wraiths (D)
  A wyvern (D)
  Menkaure (D)
  2 wargs (D)
  A water moccasin (D)
  A floating eye (D)
  Pargi (D)
  A swamp drake (D)
  4 orc warriors (D)
  An ogre (D)
  2 wolves (D)
  A lemure (D)
  A phantom (D)
  A kobold brigand (D)
  A necrophage (D)
  A scorpion (D)
  3 wights (D)
  A crimson imp (D)
  An orc priest (D)
  2 gnoll boudas (D)
  An orc wizard (D)
  A mummy (D)
  6 gnolls (D)
  3 river rats (D)
  An ufetubus (D)
  10 orcs (D)
  A ball python (D)
  An endoplasm (D)
  A giant cockroach (D)
  A goblin (D)
  A ball python skeleton (D)
  A bat (D)
84 creatures vanquished.

Vanquished Creatures (collateral kills)
  A minotaur (D)
  An orc sorcerer (D)
  A tarantella (D)
  3 gnolls (D)
6 creatures vanquished.

Vanquished Creatures (others)
  Nessos (D)
  A gnoll (D)
2 creatures vanquished.

Grand Total: 92 creatures vanquished

Notes
Turn   | Place    | Note
-------+----------+-------------------------------------------
     0 | D        | rocky1 the Draconian Shapeshifter began the quest for the
                  | Orb.
     0 | D        | Reached XP level 1. HP: 16/16 MP: 1/1
    11 | D        | Noticed a scorpion
    27 | D        | Killed a scorpion
    28 | D        | Reached skill level 5 in Unarmed Combat
    28 | D        | Reached skill level 5 in Shapeshifting
    28 | D        | Reached XP level 2. HP: 23/23 MP: 2/2
    28 | D        | Reached XP level 3. HP: 28/28 MP: 3/3
    85 | D        | Found a bloodstained altar of Trog.
    85 | D        | Found a shimmering blue altar of Sif Muna.
    85 | D        | Found a viscous altar of Jiyva.
    85 | D        | Found a hazy altar of Hepliaklqana.
    85 | D        | Found an opulent altar of Gozag.
    86 | D        | Found a glowing golden altar of the Shining One.
    86 | D        | Found a glowing silver altar of Zin.
    86 | D        | Found a basalt altar of Yredelemnul.
    86 | D        | Found a shimmering altar of Xom.
    86 | D        | Found an ornate altar of the Wu Jian Council.
    86 | D        | Found a sacrificial altar of Ru.
    86 | D        | Found a stormy altar of Qazlal.
    86 | D        | Found an iron altar of Okawaru.
    86 | D        | Found a sparkling altar of Nemelex Xobeh.
    86 | D        | Found a burning altar of Makhleb.
    86 | D        | Found a blossoming altar of Fedhas.
    86 | D        | Found a white marble altar of Elyvilon.
    86 | D        | Found a shadowy altar of Dithmenos.
    86 | D        | Found a snail-covered altar of Cheibriados.
    89 | D        | Found a corrupted altar of Lugonu.
    89 | D        | Found a radiant altar of Vehumet.
    90 | D        | Found an ancient bone altar of Kikubaaqudgha.
    90 | D        | Found a hide-covered altar of Uskayaw.
    90 | D        | Found a broken altar of Ashenzari.
    93 | D        | Became a worshipper of Gozag Ym Sagoz the Greedy
   102 | D        | Noticed a floating eye
   107 | D        | Killed a floating eye
   108 | D        | Reached skill level 6 in Unarmed Combat
   108 | D        | Reached XP level 4. HP: 36/36 MP: 4/4
   108 | D        | Reached XP level 5. HP: 41/41 MP: 5/5
   234 | D        | Noticed Menkaure
   245 | D        | Killed Menkaure
   246 | D        | Reached skill level 1 in Stealth
   246 | D        | Reached skill level 7 in Unarmed Combat
   246 | D        | Reached XP level 6. HP: 38/48 MP: 6/6
   405 | D        | Noticed a warg
   406 | D        | Noticed Pargi
   406 | D        | Noticed Pikel
   423 | D        | Killed Pikel
   424 | D        | Reached skill level 5 in Dodging
   424 | D        | Reached skill level 10 in Unarmed Combat
   424 | D        | Reached skill level 10 in Shapeshifting
   424 | D        | Your scales start taking on a fiery red colour.
   424 | D        | Reached XP level 7. HP: 43/56 MP: 7/7
   424 | D        | Gained mutation: Your flesh is heat resistant. (rF+) [Red
                  | Draconian growth]
   430 | D        | Reached skill level 11 in Unarmed Combat
   440 | D        | Killed Pargi
   441 | D        | Reached XP level 8. HP: 18/63 MP: 8/8
   753 | D        | Noticed an orange demon
   760 | D        | Killed an orange demon
   761 | D        | Reached skill level 12 in Unarmed Combat
   784 | D        | Reached skill level 13 in Unarmed Combat
  1003 | D        | Noticed a phantasmal warrior
  1010 | D        | Killed a phantasmal warrior
  1011 | D        | Reached skill level 5 in Stealth
  1011 | D        | Reached skill level 14 in Unarmed Combat
  1011 | D        | Reached XP level 9. HP: 37/73 MP: 9/9
  1246 | D        | Bought a wand of iceblast (6) for 230 gold pieces
  1246 | D        | Bought a wand of charming (4) for 153 gold pieces
  1246 | D        | Bought a potion of cancellation for 128 gold pieces
  1262 | D        | Noticed a nagaraja
  1263 | D        | Noticed a manticore
  1284 | D        | Reached skill level 5 in Fighting
  1480 | D        | Noticed a wandering mushroom
  1480 | D        | Noticed a merfolk siren
  1487 | D        | Reached skill level 15 in Unarmed Combat
  1496 | D        | Killed a merfolk siren
  1501 | D        | Killed a wandering mushroom
  1640 | D        | Noticed an orc knight
  1640 | D        | Noticed an orc sorcerer
  1666 | D        | Reached skill level 16 in Unarmed Combat
  1690 | D        | Noticed an orc knight
  1713 | D        | Killed an orc knight
  1909 | D        | Noticed a soul eater
  1917 | D        | Killed an orc knight
  1918 | D        | Reached skill level 17 in Unarmed Combat
  1918 | D        | Reached XP level 10. HP: 64/84 MP: 10/10
  1920 | D        | Killed an orc sorcerer
  1921 | D        | HP: 2/84 [orc warrior/+0 heavy dire flail[an orc knight]
                  | (26)]
  2180 | D        | Noticed an orc high priest
  2200 | D        | Killed an orc high priest
  2201 | D        | Reached skill level 18 in Unarmed Combat
  2233 | D        | Bought the amulet of the Country {Acrobat rElec} for 660
                  | gold pieces
  2246 | D        | Noticed Josephine
  2249 | D        | Noticed a wolf spider
  2345 | D        | Noticed a deep elf pyromancer
  2345 | D        | Noticed a deep elf pyromancer
  2345 | D        | Noticed Erolcha
  2350 | D        | Noticed a nagaraja
  2380 | D        | Killed a wolf spider
  2381 | D        | Reached skill level 19 in Unarmed Combat
  2557 | D        | Paralysed by an air elemental for 1 turns
  2583 | D        | Killed a deep elf pyromancer
  2616 | D        | Killed a deep elf pyromancer
  2617 | D        | Reached XP level 11. HP: 37/94 MP: 11/11
  2868 | D        | Noticed Nessos
  2880 | D        | Killed Josephine
  2881 | D        | Reached skill level 20 in Unarmed Combat
  2903 | D        | Killed Erolcha
  2904 | D        | Reached skill level 10 in Dodging
  2911 | D        | Killed a minotaur
  2912 | D        | Reached skill level 21 in Unarmed Combat
  2912 | D        | Reached skill level 1 in Evocations
  2912 | D        | Killed an orc sorcerer
  2914 | D        | Your ally Nessos died
  3218 | D        | Killed a nagaraja
  3346 | D        | Reached skill level 22 in Unarmed Combat
  3783 | D        | HP: 1/95 [manticore (5)]
  3783 | D        | Demolished by a nagaraja

Illustrated notes

Levels and vault maps discovered:
D:        pitsprint [storerooms_1, entrance_room_1, metal_vault_2, armoury_3,
          mini_pit_1, grid_room_1, main_hall_1, silver_pit, the_coven_2,
          the_vestibule_1, steel_vault_1, golden_pit, hallway_of_sentries,
          crystal_vault_4, iron_vault_1, final_vault]

Skill      XL: |  1  2  3  4  5  6  7  8  9 10 11 |
---------------+----------------------------------+-----
Dodging        | 2 3 4 5 6 8 9 10 | 10.8
Unarmed Combat | 5 6 7 10 11 14 17 19 22 | 22.2
Shapeshifting  | 5 7 8 10 | 10.0
Fighting       | 2 3 4 6 8 |  8.7
Stealth        | 1 3 4 5 6 7 8 |  8.1
Evocations     | 1 |  1.5

Action                     |  1- 3 |  4- 6 |  7- 9 | 10-12 || total
---------------------------+-------+-------+-------+-------++-------
  Melee: Unarmed           |    14 |    24 |    90 |   147 ||   275
         Tailslap          |     2 |     4 |    16 |    28 ||    50
         Punch             |       |     4 |     7 |    17 ||    28
 Invoke: Call Merchant     |       |       |     1 |     3 ||     4
Ability: Breathe Fire      |       |       |     6 |       ||     6
  Evoke: Wand              |       |       |       |     3 ||     3
    Use: Potion            |     3 |       |     3 |     6 ||    12
         Scroll            |       |       |       |     2 ||     2
   Stab: Sleeping          |       |     2 |     1 |     1 ||     4
         Distracted        |       |     1 |       |       ||     1
         Invisible         |       |       |       |     1 ||     1
 Armour: Skin              |     4 |     4 |    18 |    24 ||    50
  Dodge: Dodged            |     8 |     8 |    39 |    98 ||   153

Table legend: (Time is in decaauts)
 A = Elapsed time spent in this place.
 B = Non-inter-level travel time spent in this place.
 C = Inter-level travel time spent in this place.
 D = Time resting spent in this place.
 E = Time spent auto-exploring this place.
 F = Levels seen in this place.
 G = Mean time per level.
                   A        B        C        D        E       F      G
               +--------+--------+--------+--------+--------+-----+--------+
         Total |   3728 |   3666 |     62 |   2508 |      4 |   1 | 3728.0 |
       Dungeon |   3728 |   3666 |     62 |   2508 |      4 |   1 | 3728.0 |
               +--------+--------+--------+--------+--------+-----+--------+

Top non-repeatable levels by time:
       D: 3728 daAuts
